Toronto Maple Leafs vs Boston Bruins
Created - Sunday, April 23, 2023 at 07:42
Goals
|
| Toronto Maple Leafs |
1 |
1 |
0 |
2 |
| Boston Bruins |
1 |
1 |
2 |
4 |
|
Shots
|
| Toronto Maple Leafs |
18 |
10 |
12 |
40 |
| Boston Bruins |
14 |
11 |
10 |
35 |
|
1st period
1. Toronto Maple Leafs , Brady Tkachuk 29 (Sam Bennett 27, Adam Henrique 15) at 8:51
2. Boston Bruins , Pavel Zacha 17 (Vincent Trocheck 24, Phil Kessel 25) at 17:06
Penalties :
No Penalty
2nd period
3. Toronto Maple Leafs , Nicolas Roy 5 (Craig Smith 7) at 2:25
4. Boston Bruins , Brock McGinn 2 (Charlie McAvoy 22) at 10:23
Penalties :
Kyle Okposo (TOR) for Holding Stick (Minor) at 4:37, Charlie McAvoy (BOS) for High sticking (Minor) at 19:15
3rd period
5. Boston Bruins , Phil Kessel 17 (Morgan Geekie 4, Sean Durzi 10) at 5:08
6. Boston Bruins , Phil Kessel 18 (Vincent Trocheck 25) at 13:37
Penalties :
Phil Kessel (BOS) for Hooking (Minor) at 3:01, Dougie Hamilton (TOR) for High sticking (Double Minor) at 14:34
Goalie Stats
James Reimer (TOR), 31 saves from 35 shots - (0.886), L, 8-4-1, 60:00 minutes
David Rittich (BOS), 38 saves from 40 shots - (0.950), W, 9-11-3, 60:00 minutes
Players Stats for Toronto Maple Leafs
Player Name G A P +/- PIM S H SB GA TA FO MP PP MP PK MP
------------------------------------------------------------------------------------
Adam Henrique 0 1 1 -2 0 1 2 1 1 0 5/11 16:02 1:45 1:21
Andrew Mangiapane 0 0 0 -2 0 1 3 0 0 0 0/1 17:10 1:45 3:08
Brady Tkachuk 1 0 1 0 0 3 1 0 3 0 2/5 20:59 2:11 1:19
Cody Ceci 0 0 0 -2 0 2 2 2 0 1 0/0 23:38 1:11 2:55
Craig Smith 0 1 1 0 0 2 0 0 0 1 0/0 8:14 0:02 0:00
Dougie Hamilton 0 0 0 -2 4 2 1 1 0 1 0/0 22:44 2:47 0:00
Jonas Siegenthaler 0 0 0 1 0 1 0 0 0 3 0/0 20:46 2:33 2:31
Josh Bailey 0 0 0 -1 0 5 1 0 0 0 0/0 18:00 0:02 0:00
Kyle Okposo 0 0 0 -3 2 1 3 0 1 0 0/0 13:56 0:02 0:53
Luke Schenn 0 0 0 2 0 3 1 2 0 0 0/0 13:54 0:00 1:37
Mario Ferraro 0 0 0 -3 0 1 2 2 0 0 0/0 24:03 1:25 2:54
Nicolas Roy 1 0 1 1 0 1 0 0 0 0 2/3 9:32 0:00 1:22
Pierre Engvall 0 0 0 1 0 0 0 0 0 1 0/0 9:01 0:00 1:22
Ryan Pulock 0 0 0 0 0 1 1 1 0 0 0/0 11:23 0:00 0:51
Sam Bennett 0 1 1 0 0 11 2 0 0 1 9/31 20:01 2:11 0:00
Scott Laughton 0 0 0 0 0 0 1 0 0 0 3/9 15:06 0:00 3:08
Trevor Zegras 0 0 0 0 0 0 0 0 1 0 0/1 15:06 1:45 0:31
Troy Terry 0 0 0 0 0 5 0 0 1 0 1/2 14:25 2:11 0:00
Players Stats for Boston Bruins
Player Name G A P +/- PIM S H SB GA TA FO MP PP MP PK MP
------------------------------------------------------------------------------------
Anthony Beauvillier 0 0 0 0 0 1 0 0 0 0 0/1 7:20 0:36 1:00
Brandon Hagel 0 0 0 0 0 2 2 0 0 0 0/0 13:47 0:46 0:00
Brock McGinn 1 0 1 0 0 3 2 1 1 1 0/0 12:36 0:00 0:00
Charlie McAvoy 0 1 1 0 2 3 1 0 1 1 0/0 26:27 3:04 1:08
Danton Heinen 0 0 0 0 0 0 0 0 0 0 0/1 6:21 0:24 0:00
Joel Farabee 0 0 0 1 0 2 5 0 0 0 1/1 18:32 2:09 0:37
Joonas Donskoi 0 0 0 0 0 1 3 0 0 1 0/1 17:29 2:09 0:00
Mason Appleton 0 0 0 -1 0 0 0 0 0 0 0/0 1:52 0:49 0:00
Matt Grzelcyk 0 0 0 -1 0 0 0 0 0 0 0/0 14:00 0:59 0:00
Morgan Geekie 0 1 1 1 0 1 0 0 1 0 4/6 13:28 0:18 0:15
Pavel Zacha 1 0 1 1 0 2 3 1 0 0 0/0 19:48 2:50 1:05
Phil Kessel 2 1 3 2 2 4 0 0 2 0 1/2 20:23 2:51 1:38
Ryan Donato 0 0 0 0 0 4 3 0 0 0 6/14 18:22 2:07 0:43
Samuel Girard 0 0 0 0 0 2 0 1 0 1 0/0 27:27 3:01 2:27
Sean Durzi 0 1 1 3 0 1 3 0 0 1 0/0 18:27 2:25 1:31
Tyson Barrie 0 0 0 3 0 0 3 2 0 1 0/0 18:27 2:25 1:31
Victor Mete 0 0 0 -1 0 1 0 2 0 0 0/0 15:17 0:02 1:19
Vincent Trocheck 0 2 2 2 0 8 6 0 3 1 29/37 25:57 2:55 2:38
3 Stars
1 - Phil Kessel (BOS)
2 - Vincent Trocheck (BOS)
3 - David Rittich (BOS)
Power Play
Toronto Maple Leafs - 0 on 2 Attempt(s) - 0.00%
Boston Bruins - 0 on 3 Attempt(s) - 0.00%
Penalty Kill
Toronto Maple Leafs - 3 on 3 Attempt(s) - 100.00%
- Score 0 goal in Penalty Kill
Boston Bruins - 2 on 2 Attempt(s) - 100.00%
- Score 0 goal in Penalty Kill
Team Stat
Toronto Maple Leafs - Hits : 20 - Faceoff Wins : 22 - Blocked Shots : 9 - Penalty Minutes : 6
Boston Bruins - Hits : 31 - Faceoff Wins : 41 - Blocked Shots : 7 - Penalty Minutes : 4
Official
Referees : Mike Leggo and Trevor Hanson
Linesman : Jonny Murray and Brian Mach
Game Notes
Ryan Pulock is injured at 9:40 of 2nd period (Strained Left Knee)
Finance
Level 1 -- Attendance: 4693 (78.22%) -- Ticket Income $469,300
Level 2 -- Attendance: 3901 (78.02%) -- Ticket Income $234,060
Level 3 -- Attendance: 2584 (86.13%) -- Ticket Income $90,440
Level 4 -- Attendance: 3855 (77.10%) -- Ticket Income $96,375
Luxury Box -- Attendance: 821 (82.10%) -- Ticket Income $164,200
Game was played at the TD Garden.
Total Attendance: 15854 (79.27%)
Total Ticket Income: $1,054,375
Other Income: $369,031
Total Income: $1,423,406
Toronto Maple Leafs
5 vs 5 Forward
Center Left Wing Right Wing Time % Phy DF OF
1 Sam Bennett Brady Tkachuk Josh Bailey 40 1 2 2
2 Adam Henrique Andrew Mangiapane Kyle Okposo 30 1 2 2
3 Scott Laughton Trevor Zegras Troy Terry 20 1 2 2
4 Nicolas Roy Pierre Engvall Craig Smith 10 1 2 2
5 vs 5 Defense
Defense Defense Time % Phy DF OF
1 Dougie Hamilton Mario Ferraro 40 1 2 2
2 Ryan Pulock Cody Ceci 30 1 2 2
3 Luke Schenn Jonas Siegenthaler 20 1 2 2
4 Ryan Pulock Cody Ceci 10 1 2 2
PowerPlay Forward
Center Left Wing Right Wing Time % Phy DF OF
1 Sam Bennett Brady Tkachuk Troy Terry 60 1 2 2
2 Adam Henrique Trevor Zegras Andrew Mangiapane 40 1 2 2
PowerPlay Defense
Defense Defense Time % Phy DF OF
1 Dougie Hamilton Ryan Pulock 60 1 2 2
2 Cody Ceci Mario Ferraro 40 1 2 2
Penalty Kill 4 Players Forward
Center Wing Time % Phy DF OF
1 Scott Laughton Andrew Mangiapane 60 1 2 2
2 Nicolas Roy Pierre Engvall 40 1 2 2
Penalty Kill 4 Players Defense
Defense Defense Time % Phy DF OF
1 Mario Ferraro Cody Ceci 60 1 2 2
2 Ryan Pulock Jonas Siegenthaler 40 1 2 2
Penalty Kill - 3 Players Forward
Forward Time % Phy DF OF
1 Scott Laughton 60 1 2 2
2 Nicolas Roy 40 1 2 2
Penalty Kill - 3 Players Defense
Defense Defense Time % Phy DF OF
1 Mario Ferraro Cody Ceci 60 1 2 2
2 Jonas Siegenthaler Ryan Pulock 40 1 2 2
4 vs 4 Forward
Center Wing Time % Phy DF OF
1 Adam Henrique Andrew Mangiapane 60 1 2 2
2 Sam Bennett Brady Tkachuk 40 1 2 2
4 vs 4 Defense
Defense Defense Time % Phy DF OF
1 Ryan Pulock Cody Ceci 60 1 2 2
2 Dougie Hamilton Mario Ferraro 40 1 2 2
Last Minutes Offensive
Center Left Wing Right Wing Defense Defense
Sam Bennett Brady Tkachuk Troy Terry Dougie Hamilton Ryan Pulock
Last Minutes Defensive
Center Left Wing Right Wing Defense Defense
Scott Laughton Andrew Mangiapane Kyle Okposo Mario Ferraro Cody Ceci
Goaltenders
Starting : James Reimer
Backup : Cam Talbot
Extra Forwards
Normal : Nicolas Roy, Craig Smith, Pierre Engvall - PP : Kyle Okposo, Josh Bailey - PK : Kyle Okposo
Extra Defensemen
Normal : Jonas Siegenthaler, Luke Schenn, Cody Ceci - PP : Jonas Siegenthaler - PK : Luke Schenn, Dougie Hamilton
Penalty Shots
Trevor Zegras, Dougie Hamilton, Nicolas Roy, Kyle Okposo, Josh Bailey
Boston Bruins
5 vs 5 Forward
Center Left Wing Right Wing Time % Phy DF OF
1 Vincent Trocheck Pavel Zacha Phil Kessel 40 1 2 2
2 Ryan Donato Joel Farabee Joonas Donskoi 30 1 2 2
3 Morgan Geekie Brandon Hagel Brock McGinn 20 1 2 2
4 Vincent Trocheck Anthony Beauvillier Danton Heinen 10 1 2 2
5 vs 5 Defense
Defense Defense Time % Phy DF OF
1 Charlie McAvoy Samuel Girard 40 1 2 2
2 Tyson Barrie Sean Durzi 30 1 2 2
3 Matt Grzelcyk Victor Mete 20 1 2 2
4 Charlie McAvoy Samuel Girard 10 1 2 2
PowerPlay Forward
Center Left Wing Right Wing Time % Phy DF OF
1 Vincent Trocheck Pavel Zacha Phil Kessel 60 1 2 2
2 Ryan Donato Joel Farabee Joonas Donskoi 40 1 2 2
PowerPlay Defense
Defense Defense Time % Phy DF OF
1 Charlie McAvoy Samuel Girard 60 1 2 2
2 Tyson Barrie Sean Durzi 40 1 2 2
Penalty Kill 4 Players Forward
Center Wing Time % Phy DF OF
1 Vincent Trocheck Phil Kessel 60 1 2 2
2 Pavel Zacha Joel Farabee 40 1 2 2
Penalty Kill 4 Players Defense
Defense Defense Time % Phy DF OF
1 Charlie McAvoy Samuel Girard 60 1 2 2
2 Tyson Barrie Sean Durzi 40 1 2 2
Penalty Kill - 3 Players Forward
Forward Time % Phy DF OF
1 Vincent Trocheck 60 1 2 2
2 Phil Kessel 40 1 2 2
Penalty Kill - 3 Players Defense
Defense Defense Time % Phy DF OF
1 Charlie McAvoy Samuel Girard 60 1 2 2
2 Tyson Barrie Sean Durzi 40 1 2 2
4 vs 4 Forward
Center Wing Time % Phy DF OF
1 Vincent Trocheck Phil Kessel 60 1 2 2
2 Pavel Zacha Joel Farabee 40 1 2 2
4 vs 4 Defense
Defense Defense Time % Phy DF OF
1 Charlie McAvoy Samuel Girard 60 1 2 2
2 Tyson Barrie Sean Durzi 40 1 2 2
Last Minutes Offensive
Center Left Wing Right Wing Defense Defense
Vincent Trocheck Pavel Zacha Phil Kessel Charlie McAvoy Samuel Girard
Last Minutes Defensive
Center Left Wing Right Wing Defense Defense
Vincent Trocheck Pavel Zacha Phil Kessel Charlie McAvoy Samuel Girard
Goaltenders
Starting : David Rittich
Backup : Olivier Rodrigue
Extra Forwards
Normal : Mason Appleton, Brandon Hagel, Anthony Beauvillier - PP : Mason Appleton, Brandon Hagel - PK : Anthony Beauvillier
Extra Defensemen
Normal : Matt Grzelcyk, Victor Mete, Tyson Barrie - PP : Matt Grzelcyk - PK : Victor Mete, Tyson Barrie
Penalty Shots
Vincent Trocheck, Phil Kessel, Pavel Zacha, Joel Farabee, Brandon Hagel
% Time on Ice - Toronto Maple Leafs
Lines # - Real PCT - Wanted PCT - Time Play
Normal Forward
1 - 37% - 40% - 18:22
2 - 26% - 30% - 12:59
3 - 24% - 20% - 11:56
4 - 14% - 10% - 6:47
Normal Defense
1 - 38% - 40% - 19:11
2 - 33% - 30% - 16:19
3 - 20% - 20% - 10:08
4 - 9% - 10% - 4:26
PP Forward
1 - 56% - 60% - 2:13
2 - 44% - 40% - 1:45
PP Defense
1 - 70% - 60% - 2:47
2 - 30% - 40% - 1:11
PK Forward
1 - 77% - 60% - 4:36
2 - 23% - 40% - 1:22
PK Defense
1 - 38% - 60% - 2:16
2 - 62% - 40% - 3:42
PK3 Forward
1 - 0% - 60%
2 - 0% - 40%
PK3 Defense
1 - 0% - 60%
2 - 0% - 40%
44 Forward
1 - 0% - 60%
2 - 0% - 40%
44 Defense
1 - 0% - 60%
2 - 0% - 40%
Last Minute Offensive - 0:00
Last Minute Defensive - 0:00
Total
Forward - 60:00
Defense - 60:00
|
% Time on Ice - Boston Bruins
Lines # - Real PCT - Wanted PCT - Time Play
Normal Forward
1 - 33% - 40% - 16:26
2 - 31% - 30% - 15:43
3 - 25% - 20% - 12:36
4 - 11% - 10% - 5:19
Normal Defense
1 - 38% - 40% - 19:08
2 - 29% - 30% - 14:31
3 - 26% - 20% - 13:01
4 - 7% - 10% - 3:24
PP Forward
1 - 61% - 60% - 3:38
2 - 39% - 40% - 2:20
PP Defense
1 - 59% - 60% - 3:33
2 - 41% - 40% - 2:25
PK Forward
1 - 91% - 60% - 3:37
2 - 9% - 40% - 0:21
PK Defense
1 - 62% - 60% - 2:27
2 - 38% - 40% - 1:31
PK3 Forward
1 - 0% - 60%
2 - 0% - 40%
PK3 Defense
1 - 0% - 60%
2 - 0% - 40%
44 Forward
1 - 0% - 60%
2 - 0% - 40%
44 Defense
1 - 0% - 60%
2 - 0% - 40%
Last Minute Offensive - 0:00
Last Minute Defensive - 0:00
Total
Forward - 60:00
Defense - 60:00
|
Play-by-Play
1st period
0:01 of 1st period - Sam Bennett wins face-off versus Vincent Trocheck in neutral zone.
0:11 of 1st period - Icing by Vincent Trocheck.
0:12 of 1st period - Vincent Trocheck wins face-off versus Adam Henrique in Boston Bruins zone.
0:12 of 1st period - Vincent Trocheck is hit by Kyle Okposo.
0:20 of 1st period - Kyle Okposo is hit by Vincent Trocheck and loses puck.
0:27 of 1st period - Snap shot by Vincent Trocheck.
0:27 of 1st period - Deflect By Phil Kessel.
0:27 of 1st period - Shot Misses the Net.
0:27 of 1st period - Puck is out of play.
0:28 of 1st period - Joel Farabee wins face-off versus Troy Terry in Toronto Maple Leafs zone.
0:29 of 1st period - Snap shot by Ryan Donato.
0:29 of 1st period - Stopped by James Reimer without a rebound.
0:30 of 1st period - Ryan Donato wins face-off versus Scott Laughton in Toronto Maple Leafs zone.
1:55 of 1st period - Slapshot by Troy Terry.
1:55 of 1st period - Stopped by David Rittich without a rebound.
1:56 of 1st period - Morgan Geekie wins face-off versus Scott Laughton in Boston Bruins zone.
2:14 of 1st period - Snap shot by Troy Terry.
2:14 of 1st period - Stopped by David Rittich with a rebound.
2:16 of 1st period - Wrist shot by Trevor Zegras.
2:16 of 1st period - Shot Blocked by Brock McGinn.
2:18 of 1st period - Slapshot by Cody Ceci.
2:18 of 1st period - Stopped by David Rittich without a rebound.
2:19 of 1st period - Vincent Trocheck wins face-off versus Sam Bennett in Boston Bruins zone.
2:44 of 1st period - Victor Mete is hit by Kyle Okposo and loses puck.
4:02 of 1st period - Andrew Mangiapane is hit by Pavel Zacha and loses puck.
5:53 of 1st period - Pavel Zacha is hit by Andrew Mangiapane and loses puck.
6:15 of 1st period - Troy Terry is hit by Joonas Donskoi and loses puck.
6:35 of 1st period - Nicolas Roy is hit by Joel Farabee and loses puck.
6:48 of 1st period - Snap shot by Sam Bennett.
6:48 of 1st period - Deflect By Brady Tkachuk.
6:48 of 1st period - Shot Misses the Net.
6:48 of 1st period - Puck is out of play.
6:49 of 1st period - Sam Bennett wins face-off versus Morgan Geekie in Boston Bruins zone.
6:54 of 1st period - Snap shot by Brady Tkachuk.
6:54 of 1st period - Deflect By Sam Bennett.
6:54 of 1st period - Stopped by David Rittich with a rebound.
7:14 of 1st period - Mario Ferraro is hit by Pavel Zacha.
7:36 of 1st period - Jonas Siegenthaler is hit by Vincent Trocheck and loses puck.
7:47 of 1st period - Wrist shot by Craig Smith.
7:47 of 1st period - Stopped by David Rittich with a rebound.
8:12 of 1st period - Wrist shot by Sam Bennett.
8:12 of 1st period - Stopped by David Rittich with a rebound.
8:14 of 1st period - Slapshot by Ryan Pulock.
8:14 of 1st period - Stopped by David Rittich with a rebound.
8:16 of 1st period - Wrist shot by Troy Terry.
8:16 of 1st period - Shot Misses the Net.
8:18 of 1st period - Wrist shot by Troy Terry.
8:18 of 1st period - Shot Misses the Net.
8:34 of 1st period - Kyle Okposo is hit by Brock McGinn and loses puck.
8:51 of 1st period - Snap shot by Sam Bennett.
8:51 of 1st period - Deflect By Brady Tkachuk.
8:51 of 1st period - Goal by Brady Tkachuk - Toronto Maple Leafs : 1 - Boston Bruins : 0.
8:52 of 1st period - Brady Tkachuk wins face-off versus Ryan Donato in neutral zone.
8:59 of 1st period - Wrist shot by Josh Bailey.
8:59 of 1st period - Stopped by David Rittich with a rebound.
9:01 of 1st period - Slapshot by Mario Ferraro.
9:01 of 1st period - Shot Blocked by Samuel Girard.
9:17 of 1st period - Pavel Zacha is hit by Mario Ferraro.
10:16 of 1st period - Wrist shot by Joel Farabee.
10:16 of 1st period - Stopped by James Reimer with a rebound.
10:30 of 1st period - Slapshot by Vincent Trocheck.
10:30 of 1st period - Stopped by James Reimer without a rebound.
10:31 of 1st period - Nicolas Roy wins face-off versus Danton Heinen in Toronto Maple Leafs zone.
10:58 of 1st period - Slapshot by Joel Farabee.
10:58 of 1st period - Deflect By Brady Tkachuk.
10:58 of 1st period - Stopped by James Reimer with a rebound.
11:00 of 1st period - Wrist shot by Charlie McAvoy.
11:00 of 1st period - Stopped by James Reimer without a rebound.
11:01 of 1st period - Ryan Donato wins face-off versus Brady Tkachuk in Toronto Maple Leafs zone.
11:26 of 1st period - Vincent Trocheck is hit by Ryan Pulock and loses puck.
11:31 of 1st period - Snap shot by Kyle Okposo.
11:31 of 1st period - Deflect By Adam Henrique.
11:31 of 1st period - Shot Blocked by Pavel Zacha.
11:31 of 1st period - Puck is out of play.
11:32 of 1st period - Vincent Trocheck wins face-off versus Adam Henrique in Boston Bruins zone.
11:39 of 1st period - Snap shot by Vincent Trocheck.
11:39 of 1st period - Stopped by James Reimer with a rebound.
11:59 of 1st period - Wrist shot by Sam Bennett.
11:59 of 1st period - Stopped by David Rittich with a rebound.
12:01 of 1st period - Wrist shot by Sam Bennett.
12:01 of 1st period - Deflect By Charlie McAvoy.
12:01 of 1st period - Stopped by David Rittich without a rebound.
12:02 of 1st period - Vincent Trocheck wins face-off versus Sam Bennett in Boston Bruins zone.
12:52 of 1st period - Snap shot by Adam Henrique.
12:52 of 1st period - Stopped by David Rittich without a rebound.
12:53 of 1st period - Troy Terry wins face-off versus Morgan Geekie in Boston Bruins zone.
13:39 of 1st period - Snap shot by Vincent Trocheck.
13:39 of 1st period - Stopped by James Reimer with a rebound.
13:41 of 1st period - Wrist shot by Ryan Donato.
13:41 of 1st period - Deflect By Joel Farabee.
13:41 of 1st period - Shot Misses the Net.
13:41 of 1st period - Puck is out of play.
13:42 of 1st period - Adam Henrique wins face-off versus Ryan Donato in Toronto Maple Leafs zone.
13:47 of 1st period - Joel Farabee is hit by Adam Henrique and loses puck.
13:54 of 1st period - Wrist shot by Andrew Mangiapane.
13:54 of 1st period - Shot Blocked by Tyson Barrie.
13:56 of 1st period - Slapshot by Luke Schenn.
13:56 of 1st period - Deflect By Sean Durzi.
13:56 of 1st period - Stopped by David Rittich with a rebound.
14:10 of 1st period - Snap shot by Andrew Mangiapane.
14:10 of 1st period - Shot Blocked by Tyson Barrie.
14:12 of 1st period - Snap shot by Luke Schenn.
14:12 of 1st period - Stopped by David Rittich with a rebound.
14:14 of 1st period - Snap shot by Jonas Siegenthaler.
14:14 of 1st period - Deflect By Sean Durzi.
14:14 of 1st period - Stopped by David Rittich with a rebound.
14:16 of 1st period - Snap shot by Andrew Mangiapane.
14:16 of 1st period - Shot Misses the Net.
14:18 of 1st period - Wrist shot by Kyle Okposo.
14:18 of 1st period - Stopped by David Rittich without a rebound.
14:19 of 1st period - Sam Bennett wins face-off versus Vincent Trocheck in Boston Bruins zone.
14:34 of 1st period - Wrist shot by Brady Tkachuk.
14:34 of 1st period - Deflect By Sam Bennett.
14:34 of 1st period - Stopped by David Rittich without a rebound.
14:35 of 1st period - Vincent Trocheck wins face-off versus Scott Laughton in Boston Bruins zone.
15:08 of 1st period - Wrist shot by Morgan Geekie.
15:08 of 1st period - Shot Misses the Net.
15:10 of 1st period - Slapshot by Charlie McAvoy.
15:10 of 1st period - Stopped by James Reimer without a rebound.
15:11 of 1st period - Adam Henrique wins face-off versus Ryan Donato in Toronto Maple Leafs zone.
15:36 of 1st period - Brady Tkachuk is hit by Pavel Zacha and loses puck.
16:14 of 1st period - Wrist shot by Vincent Trocheck.
16:14 of 1st period - Deflect By Phil Kessel.
16:14 of 1st period - Shot Blocked by Luke Schenn.
16:14 of 1st period - Puck is out of play.
16:15 of 1st period - Morgan Geekie wins face-off versus Sam Bennett in Toronto Maple Leafs zone.
16:16 of 1st period - Wrist shot by Brandon Hagel.
16:16 of 1st period - Shot Misses the Net.
16:18 of 1st period - Snap shot by Charlie McAvoy.
16:18 of 1st period - Shot Blocked by Cody Ceci.
16:20 of 1st period - Slapshot by Samuel Girard.
16:20 of 1st period - Shot Blocked by Ryan Pulock.
16:22 of 1st period - Slapshot by Samuel Girard.
16:22 of 1st period - Shot Misses the Net.
16:24 of 1st period - Wrist shot by Brandon Hagel.
16:24 of 1st period - Stopped by James Reimer with a rebound.
16:26 of 1st period - Slapshot by Charlie McAvoy.
16:26 of 1st period - Shot Misses the Net.
16:28 of 1st period - Slapshot by Samuel Girard.
16:28 of 1st period - Stopped by James Reimer without a rebound.
16:29 of 1st period - Sam Bennett wins face-off versus Joonas Donskoi in Toronto Maple Leafs zone.
16:40 of 1st period - Mario Ferraro is hit by Ryan Donato and loses puck.
16:54 of 1st period - Icing by Brady Tkachuk.
16:55 of 1st period - Vincent Trocheck wins face-off versus Adam Henrique in Toronto Maple Leafs zone.
17:00 of 1st period - Wrist shot by Phil Kessel.
17:00 of 1st period - Shot Misses the Net.
17:02 of 1st period - Snap shot by Phil Kessel.
17:02 of 1st period - Shot Blocked by Mario Ferraro.
17:04 of 1st period - Snap shot by Vincent Trocheck.
17:04 of 1st period - Shot Blocked by Adam Henrique.
17:06 of 1st period - Wrist shot by Pavel Zacha.
17:06 of 1st period - Goal by Pavel Zacha - Toronto Maple Leafs : 1 - Boston Bruins : 1.
17:07 of 1st period - Vincent Trocheck wins face-off versus Sam Bennett in neutral zone.
17:12 of 1st period - Josh Bailey is hit by Vincent Trocheck and loses puck.
17:38 of 1st period - Slapshot by Troy Terry.
17:38 of 1st period - Shot Misses the Net.
17:40 of 1st period - Backhand shot by Cody Ceci.
17:40 of 1st period - Stopped by David Rittich with a rebound.
17:42 of 1st period - Slapshot by Scott Laughton.
17:42 of 1st period - Deflect By Trevor Zegras.
17:42 of 1st period - Shot Misses the Net.
17:42 of 1st period - Puck is out of play.
17:43 of 1st period - Vincent Trocheck wins face-off versus Adam Henrique in Boston Bruins zone.
18:10 of 1st period - Wrist shot by Ryan Donato.
18:10 of 1st period - Stopped by James Reimer without a rebound.
18:11 of 1st period - Brady Tkachuk wins face-off versus Ryan Donato in Toronto Maple Leafs zone.
18:20 of 1st period - Snap shot by Joel Farabee.
18:20 of 1st period - Shot Blocked by Cody Ceci.
18:41 of 1st period - Scott Laughton is hit by Sean Durzi and loses puck.
18:59 of 1st period - Icing by Troy Terry.
19:00 of 1st period - Morgan Geekie wins face-off versus Scott Laughton in Toronto Maple Leafs zone.
19:25 of 1st period - Scott Laughton is hit by Brock McGinn and loses puck.
19:32 of 1st period - Wrist shot by Brock McGinn.
19:32 of 1st period - Stopped by James Reimer without a rebound.
19:33 of 1st period - Sam Bennett wins face-off versus Vincent Trocheck in Toronto Maple Leafs zone.
19:37 of 1st period - Off-side.
19:38 of 1st period - Vincent Trocheck wins face-off versus Brady Tkachuk in neutral zone.
19:41 of 1st period - Slapshot by Charlie McAvoy.
19:41 of 1st period - Stopped by James Reimer without a rebound.
19:42 of 1st period - Vincent Trocheck wins face-off versus Sam Bennett in Toronto Maple Leafs zone.
19:50 of 1st period - Off-side.
19:51 of 1st period - Adam Henrique wins face-off versus Vincent Trocheck in neutral zone.
Goals for this period are 1 for Toronto Maple Leafs vs 1 for Boston Bruins.
Shots for this period are 18 for Toronto Maple Leafs vs 14 for Boston Bruins.
2nd period
0:01 of 2nd period - Vincent Trocheck wins face-off versus Sam Bennett in neutral zone.
0:01 of 2nd period - Phil Kessel is hit by Josh Bailey and loses puck.
0:08 of 2nd period - Sam Bennett is hit by Charlie McAvoy and loses puck.
1:14 of 2nd period - Snap shot by Anthony Beauvillier.
1:14 of 2nd period - Stopped by James Reimer with a rebound.
1:23 of 2nd period - Off-side.
1:24 of 2nd period - Ryan Donato wins face-off versus Sam Bennett in neutral zone.
1:58 of 2nd period - Wrist shot by Phil Kessel.
1:58 of 2nd period - Shot Misses the Net.
2:08 of 2nd period - Victor Mete is hit by Andrew Mangiapane and loses puck.
2:25 of 2nd period - Snap shot by Nicolas Roy.
2:25 of 2nd period - Goal by Nicolas Roy - Toronto Maple Leafs : 2 - Boston Bruins : 1.
2:26 of 2nd period - Vincent Trocheck wins face-off versus Sam Bennett in neutral zone.
2:55 of 2nd period - Andrew Mangiapane is hit by Joonas Donskoi and loses puck.
3:59 of 2nd period - Mario Ferraro is hit by Vincent Trocheck.
4:19 of 2nd period - Wrist shot by Brady Tkachuk.
4:19 of 2nd period - Stopped by David Rittich with a rebound.
4:21 of 2nd period - Wrist shot by Sam Bennett.
4:21 of 2nd period - Shot Blocked by Victor Mete.
4:23 of 2nd period - Wrist shot by Sam Bennett.
4:23 of 2nd period - Stopped by David Rittich with a rebound.
4:35 of 2nd period - Snap shot by Morgan Geekie.
4:35 of 2nd period - Shot Blocked by Luke Schenn.
4:37 of 2nd period - Minor Penalty to Kyle Okposo for Holding Stick.
4:38 of 2nd period - Scott Laughton wins face-off versus Vincent Trocheck in Toronto Maple Leafs zone.
4:38 of 2nd period - Scott Laughton is hit by Vincent Trocheck.
4:55 of 2nd period - Icing by Phil Kessel.
4:56 of 2nd period - Vincent Trocheck wins face-off versus Scott Laughton in Boston Bruins zone.
5:01 of 2nd period - Slapshot by Charlie McAvoy.
5:01 of 2nd period - Shot Blocked by Mario Ferraro.
5:03 of 2nd period - Snap shot by Phil Kessel.
5:03 of 2nd period - Shot Misses the Net.
5:05 of 2nd period - Slapshot by Samuel Girard.
5:05 of 2nd period - Shot Misses the Net.
5:07 of 2nd period - Slapshot by Vincent Trocheck.
5:07 of 2nd period - Stopped by James Reimer with a rebound.
5:09 of 2nd period - Snap shot by Vincent Trocheck.
5:09 of 2nd period - Stopped by James Reimer with a rebound.
5:11 of 2nd period - Snap shot by Samuel Girard.
5:11 of 2nd period - Stopped by James Reimer without a rebound.
5:12 of 2nd period - Scott Laughton wins face-off versus Ryan Donato in Toronto Maple Leafs zone.
5:27 of 2nd period - Slapshot by Charlie McAvoy.
5:27 of 2nd period - Shot Misses the Net.
6:37 of 2nd period - Penalty to Kyle Okposo is over, Kyle Okposo is back on ice.
6:45 of 2nd period - Matt Grzelcyk is hit by Kyle Okposo and loses puck.
7:12 of 2nd period - Snap shot by Nicolas Roy.
7:12 of 2nd period - Shot Misses the Net.
7:14 of 2nd period - Snap shot by Luke Schenn.
7:14 of 2nd period - Deflect By Vincent Trocheck.
7:14 of 2nd period - Stopped by David Rittich without a rebound.
7:15 of 2nd period - Sam Bennett wins face-off versus Ryan Donato in Boston Bruins zone.
7:52 of 2nd period - Luke Schenn is hit by Brandon Hagel and loses puck.
8:30 of 2nd period - Wrist shot by Ryan Donato.
8:30 of 2nd period - Stopped by James Reimer with a rebound.
8:48 of 2nd period - Wrist shot by Troy Terry.
8:48 of 2nd period - Stopped by David Rittich without a rebound.
8:49 of 2nd period - Morgan Geekie wins face-off versus Sam Bennett in Boston Bruins zone.
9:33 of 2nd period - Snap shot by Pierre Engvall.
9:33 of 2nd period - Shot Misses the Net.
9:39 of 2nd period - Ryan Pulock is hit by Joel Farabee and loses puck.
9:40 of 2nd period - Ryan Pulock from Toronto Maple Leafs is injured at 9:40 of 2nd period (Strained Left Knee).
9:41 of 2nd period - Vincent Trocheck wins face-off versus Brady Tkachuk in Toronto Maple Leafs zone.
9:48 of 2nd period - Snap shot by Vincent Trocheck.
9:48 of 2nd period - Stopped by James Reimer without a rebound.
9:49 of 2nd period - Vincent Trocheck wins face-off versus Sam Bennett in Toronto Maple Leafs zone.
9:50 of 2nd period - Snap shot by Pavel Zacha.
9:50 of 2nd period - Shot Blocked by Dougie Hamilton.
9:52 of 2nd period - Snap shot by Vincent Trocheck.
9:52 of 2nd period - Stopped by James Reimer with a rebound.
9:54 of 2nd period - Snap shot by Pavel Zacha.
9:54 of 2nd period - Stopped by James Reimer without a rebound.
9:55 of 2nd period - Phil Kessel wins face-off versus Sam Bennett in Toronto Maple Leafs zone.
9:57 of 2nd period - Icing by Sam Bennett.
9:58 of 2nd period - Vincent Trocheck wins face-off versus Sam Bennett in Toronto Maple Leafs zone.
10:23 of 2nd period - Snap shot by Brock McGinn.
10:23 of 2nd period - Goal by Brock McGinn - Toronto Maple Leafs : 2 - Boston Bruins : 2.
10:24 of 2nd period - Vincent Trocheck wins face-off versus Sam Bennett in neutral zone.
11:01 of 2nd period - Ryan Donato is hit by Cody Ceci.
11:37 of 2nd period - Slapshot by Anthony Beauvillier.
11:37 of 2nd period - Shot Misses the Net.
11:39 of 2nd period - Snap shot by Vincent Trocheck.
11:39 of 2nd period - Stopped by James Reimer without a rebound.
11:40 of 2nd period - Ryan Donato wins face-off versus Sam Bennett in Toronto Maple Leafs zone.
14:01 of 2nd period - Pierre Engvall is hit by Joel Farabee.
14:05 of 2nd period - Ryan Donato is hit by Cody Ceci and loses puck.
15:05 of 2nd period - Nicolas Roy is hit by Ryan Donato and loses puck.
15:18 of 2nd period - Kyle Okposo is hit by Brandon Hagel.
15:32 of 2nd period - Snap shot by Trevor Zegras.
15:32 of 2nd period - Shot Misses the Net.
15:34 of 2nd period - Snap shot by Troy Terry.
15:34 of 2nd period - Stopped by David Rittich with a rebound.
15:36 of 2nd period - Snap shot by Trevor Zegras.
15:36 of 2nd period - Shot Misses the Net.
15:59 of 2nd period - Wrist shot by Josh Bailey.
15:59 of 2nd period - Stopped by David Rittich with a rebound.
16:19 of 2nd period - Samuel Girard is hit by Andrew Mangiapane and loses puck.
16:48 of 2nd period - Pavel Zacha is hit by Adam Henrique and loses puck.
17:18 of 2nd period - Wrist shot by Troy Terry.
17:18 of 2nd period - Stopped by David Rittich with a rebound.
17:28 of 2nd period - Luke Schenn is hit by Vincent Trocheck and loses puck.
18:08 of 2nd period - Icing by Troy Terry.
18:09 of 2nd period - Scott Laughton wins face-off versus Ryan Donato in Toronto Maple Leafs zone.
18:09 of 2nd period - Scott Laughton is hit by Joel Farabee.
18:28 of 2nd period - Wrist shot by Josh Bailey.
18:28 of 2nd period - Shot Misses the Net.
18:45 of 2nd period - Backhand shot by Brandon Hagel.
18:45 of 2nd period - Stopped by James Reimer with a rebound.
18:51 of 2nd period - Sean Durzi is hit by Sam Bennett and loses puck.
19:06 of 2nd period - Snap shot by Sam Bennett.
19:06 of 2nd period - Stopped by David Rittich with a rebound.
19:10 of 2nd period - Wrist shot by Sam Bennett.
19:10 of 2nd period - Stopped by David Rittich without a rebound.
19:11 of 2nd period - Adam Henrique wins face-off versus Vincent Trocheck in Boston Bruins zone.
19:15 of 2nd period - Minor Penalty to Charlie McAvoy for High sticking.
19:16 of 2nd period - Vincent Trocheck wins face-off versus Adam Henrique in Boston Bruins zone.
19:28 of 2nd period - Slapshot by Trevor Zegras.
19:28 of 2nd period - Deflect By Adam Henrique.
19:28 of 2nd period - Shot Blocked by Victor Mete.
19:28 of 2nd period - Puck is out of play.
19:29 of 2nd period - Vincent Trocheck wins face-off versus Sam Bennett in Boston Bruins zone.
Goals for this period are 1 for Toronto Maple Leafs vs 1 for Boston Bruins.
Shots for this period are 10 for Toronto Maple Leafs vs 11 for Boston Bruins.
3rd period
0:01 of 3rd period - Vincent Trocheck wins face-off versus Sam Bennett in neutral zone.
0:54 of 3rd period - Brady Tkachuk is hit by Tyson Barrie and loses puck.
1:15 of 3rd period - Penalty to Charlie McAvoy is over, Charlie McAvoy is back on ice.
1:31 of 3rd period - Samuel Girard is hit by Luke Schenn and loses puck.
1:34 of 3rd period - Slapshot by Victor Mete.
1:34 of 3rd period - Deflect By Pierre Engvall.
1:34 of 3rd period - Stopped by James Reimer with a rebound.
1:36 of 3rd period - Snap shot by Brock McGinn.
1:36 of 3rd period - Stopped by James Reimer without a rebound.
1:37 of 3rd period - Ryan Donato wins face-off versus Andrew Mangiapane in Toronto Maple Leafs zone.
1:52 of 3rd period - Slapshot by Joel Farabee.
1:52 of 3rd period - Shot Misses the Net.
2:23 of 3rd period - Snap shot by Josh Bailey.
2:23 of 3rd period - Stopped by David Rittich with a rebound.
2:25 of 3rd period - Wrist shot by Josh Bailey.
2:25 of 3rd period - Stopped by David Rittich with a rebound.
2:27 of 3rd period - Snap shot by Dougie Hamilton.
2:27 of 3rd period - Stopped by David Rittich without a rebound.
2:28 of 3rd period - Ryan Donato wins face-off versus Sam Bennett in Boston Bruins zone.
2:37 of 3rd period - Snap shot by Joonas Donskoi.
2:37 of 3rd period - Stopped by James Reimer with a rebound.
2:39 of 3rd period - Snap shot by Ryan Donato.
2:39 of 3rd period - Stopped by James Reimer without a rebound.
2:40 of 3rd period - Vincent Trocheck wins face-off versus Sam Bennett in Toronto Maple Leafs zone.
2:43 of 3rd period - Slapshot by Phil Kessel.
2:43 of 3rd period - Shot Misses the Net.
3:01 of 3rd period - Minor Penalty to Phil Kessel for Hooking.
3:02 of 3rd period - Sam Bennett wins face-off versus Vincent Trocheck in Boston Bruins zone.
3:13 of 3rd period - Snap shot by Sam Bennett.
3:13 of 3rd period - Stopped by David Rittich with a rebound.
3:15 of 3rd period - Snap shot by Sam Bennett.
3:15 of 3rd period - Stopped by David Rittich with a rebound.
5:01 of 3rd period - Penalty to Phil Kessel is over, Phil Kessel is back on ice.
5:06 of 3rd period - Slapshot by Morgan Geekie.
5:06 of 3rd period - Stopped by James Reimer with a rebound.
5:08 of 3rd period - Snap shot by Phil Kessel.
5:08 of 3rd period - Goal by Phil Kessel - Toronto Maple Leafs : 2 - Boston Bruins : 3.
5:09 of 3rd period - Sam Bennett wins face-off versus Vincent Trocheck in neutral zone.
5:18 of 3rd period - Snap shot by Josh Bailey.
5:18 of 3rd period - Stopped by David Rittich with a rebound.
5:20 of 3rd period - Wrist shot by Sam Bennett.
5:20 of 3rd period - Stopped by David Rittich with a rebound.
5:22 of 3rd period - Snap shot by Brady Tkachuk.
5:22 of 3rd period - Shot Misses the Net.
5:24 of 3rd period - Snap shot by Josh Bailey.
5:24 of 3rd period - Shot Misses the Net.
5:36 of 3rd period - Luke Schenn is hit by Ryan Donato and loses puck.
6:05 of 3rd period - Icing by Luke Schenn.
6:06 of 3rd period - Vincent Trocheck wins face-off versus Trevor Zegras in Toronto Maple Leafs zone.
6:11 of 3rd period - Wrist shot by Phil Kessel.
6:11 of 3rd period - Stopped by James Reimer with a rebound.
6:35 of 3rd period - Wrist shot by Brady Tkachuk.
6:35 of 3rd period - Stopped by David Rittich without a rebound.
6:36 of 3rd period - Sam Bennett wins face-off versus Phil Kessel in Boston Bruins zone.
7:26 of 3rd period - Snap shot by Dougie Hamilton.
7:26 of 3rd period - Deflect By Charlie McAvoy.
7:26 of 3rd period - Stopped by David Rittich with a rebound.
7:45 of 3rd period - Off-side.
7:46 of 3rd period - Vincent Trocheck wins face-off versus Nicolas Roy in neutral zone.
8:11 of 3rd period - Joel Farabee is hit by Brady Tkachuk and loses puck.
8:43 of 3rd period - Snap shot by Brock McGinn.
8:43 of 3rd period - Shot Misses the Net.
9:15 of 3rd period - Trevor Zegras is hit by Joel Farabee.
10:01 of 3rd period - Wrist shot by Troy Terry.
10:01 of 3rd period - Shot Misses the Net.
10:03 of 3rd period - Snap shot by Mario Ferraro.
10:03 of 3rd period - Stopped by David Rittich without a rebound.
10:04 of 3rd period - Vincent Trocheck wins face-off versus Sam Bennett in Boston Bruins zone.
10:29 of 3rd period - Brandon Hagel is hit by Dougie Hamilton and loses puck.
10:50 of 3rd period - Wrist shot by Craig Smith.
10:50 of 3rd period - Stopped by David Rittich without a rebound.
10:51 of 3rd period - Nicolas Roy wins face-off versus Anthony Beauvillier in Boston Bruins zone.
11:00 of 3rd period - Craig Smith is hit by Tyson Barrie and loses puck.
11:16 of 3rd period - Cody Ceci is hit by Sean Durzi and loses puck.
11:23 of 3rd period - Wrist shot by Phil Kessel.
11:23 of 3rd period - Stopped by James Reimer without a rebound.
11:24 of 3rd period - Adam Henrique wins face-off versus Ryan Donato in Toronto Maple Leafs zone.
11:24 of 3rd period - Adam Henrique is hit by Joonas Donskoi.
11:50 of 3rd period - Samuel Girard is hit by Scott Laughton and loses puck.
11:58 of 3rd period - Tyson Barrie is hit by Mario Ferraro.
12:08 of 3rd period - Troy Terry is hit by Tyson Barrie and loses puck.
12:13 of 3rd period - Slapshot by Joel Farabee.
12:13 of 3rd period - Shot Misses the Net.
12:15 of 3rd period - Snap shot by Joonas Donskoi.
12:15 of 3rd period - Deflect By Troy Terry.
12:15 of 3rd period - Shot Misses the Net.
12:15 of 3rd period - Puck is out of play.
12:16 of 3rd period - Vincent Trocheck wins face-off versus Sam Bennett in Toronto Maple Leafs zone.
12:56 of 3rd period - Slapshot by Charlie McAvoy.
12:56 of 3rd period - Deflect By Brock McGinn.
12:56 of 3rd period - Shot Misses the Net.
12:56 of 3rd period - Puck is out of play.
12:57 of 3rd period - Vincent Trocheck wins face-off versus Sam Bennett in Toronto Maple Leafs zone.
13:29 of 3rd period - Slapshot by Sean Durzi.
13:29 of 3rd period - Stopped by James Reimer without a rebound.
13:30 of 3rd period - Vincent Trocheck wins face-off versus Adam Henrique in Toronto Maple Leafs zone.
13:37 of 3rd period - Wrist shot by Phil Kessel.
13:37 of 3rd period - Goal by Phil Kessel - Toronto Maple Leafs : 2 - Boston Bruins : 4.
13:38 of 3rd period - Vincent Trocheck wins face-off versus Sam Bennett in neutral zone.
14:12 of 3rd period - Snap shot by Andrew Mangiapane.
14:12 of 3rd period - Stopped by David Rittich with a rebound.
14:32 of 3rd period - Slapshot by Samuel Girard.
14:32 of 3rd period - Shot Misses the Net.
14:34 of 3rd period - Double Minor Penalty to Dougie Hamilton for High sticking.
14:35 of 3rd period - Vincent Trocheck wins face-off versus Scott Laughton in Toronto Maple Leafs zone.
18:30 of 3rd period - Trevor Zegras is hit by Sean Durzi and loses puck.
18:34 of 3rd period - Penalty to Dougie Hamilton is over, Dougie Hamilton is back on ice.
19:13 of 3rd period - Tyson Barrie is hit by Sam Bennett and loses puck.
Goals for this period are 0 for Toronto Maple Leafs vs 2 for Boston Bruins.
Shots for this period are 12 for Toronto Maple Leafs vs 10 for Boston Bruins.
Back to the Top